 Dungeon Crawl Stone Soup version 0.26.1-11-gd32895ea62 (webtiles) character file.

Game seed: 268816831273159160

13676 raph the Geomancer (level 11, -2/62 HPs)
             Began as a Deep Elf Earth Elementalist on Apr 12, 2021.
             Was an Elder of Sif Muna.
             Slain by a yak (13 damage)
             ... on level 1 of the Lair of Beasts.
             The game lasted 00:40:42 (22679 turns).

raph the Geomancer (Deep Elf Earth Elementalist)   Turns: 22679, Time: 00:40:44

Health: -2/62      AC: 10    Str:  5    XL:     11   Next: 78%
Magic:  2/25       EV: 17    Int: 24    God:    Sif Muna [****..]
Gold:   623        SH:  0    Dex: 15    Spells: 2/26 levels left

rFire    + . .     SeeInvis .   b - +0 shortbow
rCold    + . .     Faith    .   (shield currently unavailable)
rNeg     . . .     Spirit   .   L - +0 steam dragon scales
rPois    +         Reflect  .   (no helmet)
rElec    .         Harm     .   I - +2 cloak {rPois}
rCorr    .         Rampage  .   o - +1 pair of gloves
Will     +....                  (no boots)
Stlth    ++++......             (no amulet)
HPRegen  0.20/turn              n - ring of protection from fire
MPRegen  0.19/turn              p - ring of protection from cold

@: no status effects
A: no striking features
a: Renounce Religion, Channel Magic, Forget Spell, Divine Exegesis


You were on level 1 of the Lair of Beasts.
You worshipped Sif Muna.
Sif Muna was greatly pleased with you.
You visited 2 branches of the dungeon, and saw 11 of its levels.

You collected 623 gold pieces.

Inventory:

Hand Weapons
 a - a +5 morningstar
 b - a +0 shortbow (weapon)
 d - a +1 dagger
Missiles
 u - 5 throwing nets
 J - 123 stones
 K - 23 arrows (quivered ammo)
Armour
 c - a +1 robe
 o - a +1 pair of gloves (worn)
 H - a +0 troll leather armour
 I - a +2 cloak of poison resistance (worn)
 L - +0 steam dragon scales (worn)
Magical Staves
 i - an uncursed staff of death
Jewellery
 l - an uncursed ring of flight
 n - a ring of protection from fire (left hand)
 p - a ring of protection from cold (right hand)
 t - an uncursed ring of ice
Wands
 w - a wand of disintegration (17)
 C - a wand of iceblast (14)
 D - a wand of random effects (22)
 F - a wand of flame (8)
Scrolls
 f - 5 scrolls of identify
 g - a scroll of fear
 h - 3 scrolls of remove curse
 m - 8 scrolls of teleportation
 s - 2 scrolls of blinking
 v - a scroll of fog
 x - 4 scrolls of enchant weapon
 y - 2 scrolls of amnesia
Potions
 e - 4 potions of brilliance
 j - 3 potions of cancellation
 k - 2 potions of mutation
 q - a potion of berserk rage
 r - 2 potions of attraction
 z - 5 potions of curing
 A - 3 potions of lignification
 B - a potion of flight
 G - a potion of magic
 M - a potion of heal wounds
 N - a potion of haste


   Skills:
 + Level 4.4 Fighting
 * Level 3.3 Bows
 - Level 1.0 Armour
 + Level 7.2 Dodging
 + Level 7.8 Stealth
 + Level 8.2 Spellcasting
 + Level 5.8 Conjurations
 + Level 2.3 Necromancy
 - Level 1.1 Transmutations
 - Level 3.1 Air Magic
 - Level 12.3 Earth Magic
 * Level 8.5 Invocations


You had 2 spell levels left.
You knew the following spells:

 Your Spells              Type           Power        Failure   Level
a - Sandblast             Erth           100%         1%          1
b - Passwall              Tmut/Erth      35%          1%          2
c - Stone Arrow           Conj/Erth      100%         1%          3
d - Lee's Rapid Deconstr  Erth           31%          1%          5
e - Swiftness             Air            24%          2%          2
f - Airstrike             Air            12%          17%         4
g - Animate Dead          Necr           10%          24%         4
h - Vampiric Draining     Necr           10%          8%          3

Your spell library contained the following spells:

 Spells                   Type           Power        Failure   Level
 Shock                    Conj/Air       100%         1%          1
 Animate Skeleton         Necr           40%          2%          1
 Pain                     Necr           80%          2%          1
 Static Discharge         Conj/Air       31%          3%          3
 Petrify                  Tmut/Erth      42%          4%          4
 Lightning Bolt           Conj/Air       15%          28%         5
 Agony                    Necr           20%          56%         5


Dungeon Overview and Level Annotations

Branches:
Dungeon (9/15)             Temple (0/1) D:5            Lair (2/6) D:9
  Swamp: Lair:2-4    Shoals: Lair:2-4     Snake: Lair:2-4    Spider: Lair:2-4
    Orc: D:9-12

Altars:
Ashenzari
Elyvilon
Gozag
Hepliaklqana
Kikubaaqudgha
Sif Muna
Wu Jian

Annotations:
D:8 2 transporters
Lair:1 exclusion: boulder beetle


Message History

Confirm with . or Enter, or press ? or * to list all spells.
Aiming: Sandblast (safe; 1% risk of failure)
Press: ? - help, Shift-Dir - straight line, f/p - yak
Aim: a yak (almost dead, 10% to evade)
The blast of sand hits the yak.
The yak is almost dead.
J - 124 stones The yak gores you!
* * * LOW HITPOINT WARNING * * *
The yak misses you.
Casting: Sandblast (safe; 1% risk of failure)
Confirm with . or Enter, or press ? or * to list all spells.
Aiming: Sandblast (safe; 1% risk of failure)
Press: ? - help, Shift-Dir - straight line, f/p - yak
Aim: a yak (almost dead, 10% to evade)
The blast of sand hits the yak but does no damage.
The yak is almost dead.
J - 123 stones The yak closely misses you.
The yak gores you!
You die...

..#####.............#.#####...##
..# #..............## ##...#
..#####.............## #...#
..P.##...######.....# #..##
..........# #.....# #..#
#...###..## ##....# ##..# ##.##
##.# #....# #...# #P.# #.#
#YY..# ##..# ##.# #.# #@...#
#..# ##.# ##.# #....# #..# #..#
#..## #....# #..## ##.#
#...######....### #...#
#.#####.###P.##....#.######..##
#...###......................#
#..............#.##...#.##...#
#..............####...#......#
#.....#######..# ##......#...##


You could see 2 yaks.

Vanquished Creatures
  Harold (D:8)
  2 two-headed ogres (D:9)
  An unseen horror (D:8)
  Joseph (D:8)
  4 cane toads
  2 komodo dragons (Lair:1)
  3 trolls (D:9)
  A polar bear (D:8)
  Grinder (D:5)
  3 wyverns (D:9)
  12 yaks
  3 basilisks
  A steam dragon (D:9)
  Edmund (D:5)
  A water moccasin (Lair:1)
  2 orc warriors
  2 sky beasts (D:8)
  5 ice beasts
  2 phantoms
  8 wolves
  2 necrophages (D:7)
  5 ogres
  A centaur (D:9)
  7 bullfrogs
  A wyvern skeleton (D:8)
  2 scorpions
  4 killer bees
  9 wights (D:7)
  A howler monkey (D:9)
  2 electric eels (D:8)
  2 bullfrog zombies
  4 hounds
  6 jellies
  A quasit (D:9)
  2 orc priests (D:6)
  A bullfrog skeleton (D:6)
  A centaur skeleton (D:5)
  A gnoll shaman (D:9)
  An iguana (D:8)
  11 orc wizards
  Natasha (thrice) (D:4)
  9 worker ants
  A centaur simulacrum (D:8)
  A bullfrog simulacrum (D:8)
  3 mummies (D:7)
  A howler monkey zombie (D:9)
  3 worker ant zombies
  5 gnolls
  5 adders
  A river rat (D:4)
  A hound simulacrum (D:8)
  2 shadow imps (D:5)
  4 white imps
  A worker ant simulacrum (D:8)
  A howler monkey simulacrum (D:8)
  2 ufetubi
  3 oozes
  3 adder skeletons
  5 worms
  2 dart slugs
  An adder simulacrum (D:8)
  5 leopard geckos
  36 orcs
  4 ball pythons
  5 giant cockroaches
  7 goblins
  18 hobgoblins
  12 jackals
  6 kobolds
  5 quokkas
  14 bats
  4 frilled lizards
  A leopard gecko zombie (D:9)
  A quokka simulacrum (D:8)
  A quokka skeleton (D:6)
  9 rats
305 creatures vanquished.

Vanquished Creatures (collateral kills)
  A yak (Lair:1)
1 creature vanquished.

Vanquished Creatures (others)
  6 fungi
  5 plants
11 creatures vanquished.

Grand Total: 317 creatures vanquished

Notes
Turn   | Place    | Note
-------+----------+-------------------------------------------
     0 | D:1      | raph the Deep Elf Earth Elementalist began the quest for
                  | the Orb.
     0 | D:1      | Reached XP level 1. HP: 10/10 MP: 6/6
   425 | D:1      | Reached XP level 2. HP: 15/15 MP: 5/8
   460 | D:1      | Learned a level 2 spell: Passwall
  1617 | D:1      | Reached XP level 3. HP: 19/19 MP: 9/9
  1807 | D:1      | Reached skill level 4 in Earth Magic
  1896 | D:1      | Learned a level 3 spell: Stone Arrow
  2067 | D:2      | Found a white marble altar of Elyvilon.
  2530 | D:2      | Reached XP level 4. HP: 24/24 MP: 4/11
  4512 | D:3      | Reached skill level 5 in Earth Magic
  5045 | D:3      | Reached XP level 5. HP: 28/28 MP: 12/12
  5051 | D:3      | Learned a level 5 spell: Lee's Rapid Deconstruction
  5855 | D:4      | Found a broken altar of Ashenzari.
  6076 | D:4      | Reached skill level 6 in Earth Magic
  6413 | D:4      | Noticed an ogre
  6415 | D:4      | Killed an ogre
  6416 | D:4      | Reached XP level 6. HP: 32/32 MP: 8/13
  6559 | D:4      | Found a shimmering blue altar of Sif Muna.
  6579 | D:4      | Became a worshipper of Sif Muna the Loreminder
  6860 | D:4      | Noticed Natasha
  6863 | D:4      | Killed Natasha
  6864 | D:4      | Reached skill level 7 in Earth Magic
  6890 | D:4      | Noticed Natasha
  6895 | D:4      | Killed Natasha
  7107 | D:4      | Noticed Natasha
  7117 | D:4      | Killed Natasha
  7366 | D:4      | Reached skill level 8 in Earth Magic
  7563 | D:4      | Reached XP level 7. HP: 36/36 MP: 4/14
  8041 | D:5      | Entered Level 5 of the Dungeon
  8064 | D:5      | Found a staircase to the Ecumenical Temple.
  8428 | D:5      | Noticed Grinder
  8447 | D:5      | Paralysed by Grinder for 2 turns
  8452 | D:5      | Killed Grinder
  8452 | D:5      | Noticed Edmund
  8453 | D:5      | Reached skill level 9 in Earth Magic
  9461 | D:5      | Found a hazy altar of Hepliaklqana.
  9605 | D:5      | Killed Edmund
  9606 | D:5      | Reached skill level 10 in Earth Magic
  9606 | D:5      | Reached XP level 8. HP: 41/41 MP: 3/15
 11417 | D:7      | Reached skill level 11 in Earth Magic
 11626 | D:7      | Learned a level 2 spell: Swiftness
 11663 | D:7      | Reached * piety under Sif Muna
 12494 | D:7      | Reached skill level 12 in Earth Magic
 12751 | D:7      | Reached XP level 9. HP: 46/46 MP: 2/16
 12966 | D:7      | Reached skill level 1 in Invocations
 13242 | D:7      | Reached skill level 1 in Conjurations
 13727 | D:8      | Reached skill level 1 in Fighting
 14136 | D:8      | Noticed a polar bear
 14198 | D:8      | Killed a polar bear
 14604 | D:8      | Found an ornate altar of the Wu Jian Council.
 14769 | D:8      | Reached ** piety under Sif Muna
 15031 | D:8      | Reached skill level 5 in Spellcasting
 15170 | D:8      | Killed an unseen horror
 15171 | D:8      | Reached skill level 5 in Stealth
 15252 | D:8      | Noticed Joseph
 15669 | D:8      | Reached skill level 5 in Dodging
 15780 | D:8      | Reached XP level 10. HP: 54/54 MP: 17/20
 15902 | D:8      | Reached skill level 5 in Invocations
 15949 | D:8      | Killed Joseph
 16199 | D:7      | Learned a level 4 spell: Airstrike
 16253 | D:8      | Noticed Harold
 16260 | D:8      | Killed Harold
 16261 | D:8      | Reached skill level 1 in Air Magic
 16793 | D:8      | Found a transporter.
 16798 | D:8      | Found an ancient bone altar of Kikubaaqudgha.
 16809 | D:8      | Found a transporter.
 16902 | D:8      | Found an opulent altar of Gozag.
 17202 | D:9      | Noticed a two-headed ogre
 17204 | D:9      | Killed a two-headed ogre
 17519 | D:9      | Reached *** piety under Sif Muna
 18317 | D:9      | Noticed a two-headed ogre
 18320 | D:9      | Killed a two-headed ogre
 18321 | D:9      | Reached XP level 11. HP: 60/60 MP: 2/23
 18720 | D:9      | Reached skill level 5 in Conjurations
 20153 | D:9      | Found a staircase to the Lair.
 20578 | Lair:1   | Entered Level 1 of the Lair of Beasts
 20643 | Lair:1   | Learned a level 4 spell: Animate Dead
 20723 | Lair:1   | Reached **** piety under Sif Muna
 20819 | Lair:1   | Noticed a boulder beetle
 20837 | Lair:1   | Reached skill level 1 in Armour
 21110 | Lair:1   | Reached skill level 1 in Necromancy
 21114 | Lair:1   | Reached skill level 1 in Bows
 21763 | Lair:1   | Learned a level 3 spell: Vampiric Draining
 22434 | Lair:1   | Identified a scroll of acquirement
 22434 | Lair:1   | Acquired an uncursed staff of death
 22490 | Lair:2   | Found a shimmering blue altar of Sif Muna.
 22494 | Lair:2   | Noticed a seven-headed hydra
 22679 | Lair:1   | Slain by a yak

Illustrated notes

Levels and vault maps discovered:
D:1:      minmay_arrival_four_loops, layout_basic
D:2:      layout_rooms, elyvilon_altar_1, grunt_ministairs_15, nrook_campfire,
          amethyst_killhole, minmay_pentomino_pile
D:3:      layout_basic
D:4:      layout_gridville, evilmike_ruin_ashenzari, old_standard_altar,
          portal_sewer_entry_a, uniq_natasha
D:5:      layout_layer_cave, nzn_hepliaklqana_mist_gate,
          minmay_temple_entry_glass, uniq_grinder, uniq_edmund
D:6:      layout_loops_ring, bh_walls_and_bars
D:7:      layout_loops_corners, serial_undead, serial_undead_f, serial_undead_d,
          serial_undead_c, serial_undead_f, dk_vineyard_2, fountainhead
D:8:      layout_rooms, old_standard_altar, gammafunk_temple_overflow_arena,
          grunt_gozag_breadcrumbs, serial_ice, serial_ice_h, serial_ice_m,
          serial_ice_j, serial_ice_d, serial_ice_f, serial_ice_a, serial_ice_g,
          uniq_harold, uniq_joseph
D:9:      kennysheep_windowed_halls, layout_basic, erik_lair_dragon
Lair:1:   layout_chaotic_city, nzn_sisyphean_effort, grunt_megastairs_1,
          serial_bayou_shore_b
Lair:2:   layout_roguey [special_room_bee], minmay_swamp_entry_reptiles,
          gammafunk_ghost_necromancy, basic_altar, serial_bayou_shore_a

Skill      XL: |  1  2  3  4  5  6  7  8  9 10 11 |
---------------+----------------------------------+-----
Stealth        | 3 5 6 7 |  7.8
Earth Magic    | 4 5 6 8 10 12 | 12.3
Dodging        | 3 5 6 7 |  7.2
Invocations    | 4 7 8 |  8.5
Spellcasting   | 5 7 8 |  8.2
Conjurations   | 3 4 5 |  5.8
Fighting       | 2 3 4 |  4.4
Air Magic      | 2 3 |  3.1
Armour         | 1 |  1.0
Necromancy     | 2 |  2.3
Bows           | 3 |  3.3
Transmutations | |  1.1

Action                   |  1- 3 |  4- 6 |  7- 9 | 10-12 || total
-------------------------+-------+-------+-------+-------++-------
Melee: Dagger            |    82 |   190 |    33 |    12 ||   317
       Morningstar       |       |       |       |     8 ||     8
 Fire: Shortbow          |       |       |       |    46 ||    46
 Cast: Sandblast         |    45 |    21 |    43 |    24 ||   133
       Stone Arrow       |     3 |    42 |    34 |    16 ||    95
       Lee's Rapid Decon |       |     4 |    67 |   112 ||   183
       Passwall          |       |       |     2 |     1 ||     3
       Airstrike         |       |       |       |     2 ||     2
       Animate Dead      |       |       |       |     1 ||     1
Invok: Channel Magic     |       |       |       |     2 ||     2
Evoke: Wand              |       |       |     1 |       ||     1
  Use: Scroll            |       |    13 |     5 |     9 ||    27
       Potion            |       |       |     2 |     1 ||     3
 Stab: Sleeping          |     9 |     5 |     1 |       ||    15
       Distracted        |     1 |     1 |       |       ||     2
Armor: Robe              |    24 |    48 |    26 |     8 ||   106
       Steam dragon scal |       |       |       |    20 ||    20
       Troll leather arm |       |       |       |     2 ||     2
Dodge: Dodged            |    88 |   143 |    60 |   106 ||   397
